AoeStats
← SJDHSUEEEEE

Arena

506847577Analyzed
3v3 RM · 18d ago on Sep 15, 2026· 26m 52s· 6 players
Game mode
Random Map
Map size
Normal (6 player)
Population
200
Speed
Normal
Resources
Standard
Victory
Conquest
Starting age
Dark Age
Ending age
Imperial Age
RankedLock teamsTeams togetherTeam positionsShared explorationLock speedFull tech treeHidden civsTurbo modeCheats
Victory
Defeat
🇨🇳 Italians · China
1577
+15
🇨🇳 Turks · China
1576
+16
🇨🇳 Japanese · China
1574
+16
1581
-17
1563
-15
1557
-15
[韓粉戰隊] 南飄賣菜郎
11:02 Feudal Age
15:01 Castle Age
13:22 Horse Collar
15:11 Double-Bit Axe
19:51 Heavy Plow
21:21 Bow Saw
23:27 Wheelbarrow
23:52 Loom
29:05 Imperial Age
[韓粉戰隊] 跟著月亮走
7:20 Loom
9:13 Feudal Age
9:43 Double-Bit Axe
9:43 Horse Collar
10:49 Loom
19:11 Castle Age
18:01 Scale Barding Armor
18:12 Gold Mining
19:35 Wheelbarrow
19:27 Bloodlines
22:24 Chain Barding Armor
23:19 Forging
[韓粉戰隊] 台北庶民
10:23 Feudal Age
14:13 Castle Age
12:18 Double-Bit Axe
12:26 Horse Collar
15:04 Bow Saw
15:03 Gold Mining
17:38 Wheelbarrow
18:21 Scale Mail Armor
19:03 Wheelbarrow
18:38 Champi Runner
20:32 Chain Mail Armor
21:29 Squires
21:31 Champi Warrior
24:36 Forging
劳斯莱斯枭犽
10:40 Feudal Age
11:29 Double-Bit Axe
13:11 Horse Collar
18:11 Castle Age
17:42 Scale Mail Armor
17:53 Forging
19:00 Arson
19:16 Squires
20:31 Iron Casting
20:11 Chain Mail Armor
22:19 Pikeman
SJDHSUEEEEE
12:27 Feudal Age
13:31 Double-Bit Axe
13:46 Horse Collar
16:19 Castle Age
20:55 Imperial Age
19:14 Bow Saw
19:12 Gold Mining
IAM
9:27 Feudal Age
9:21 Loom
13:23 Castle Age
11:58 Double-Bit Axe
13:16 Stone Mining
15:13 Horse Collar
17:49 Town Watch
18:27 Bow Saw
21:54 Fletching
22:36 Fortified Wall
23:20 Padded Archer Armor
23:55 Guard Tower
24:28 Ballistics
24:28 Bodkin Arrow
25:33 Gold Mining
Connection lost

Rejoining the realm…

Still unreachable

The connection could not be restored.

Session expired

The server has moved on; the page needs a fresh start.